 Dungeon Crawl Stone Soup version 0.22.1-1-ga44c0e5 (webtiles) character file.

47 Fang the Skirmisher (level 3, -2/36 HPs)
             Began as a Gargoyle Berserker on Oct 23, 2018.
             Was a Believer of Trog.
             Slain by Sigmund
             ... wielding a +2 scythe of flaming
              (13 damage)
             ... on level 2 of the Dungeon.
             The game lasted 00:03:02 (1308 turns).

Fang the Skirmisher (Gargoyle Berserker)            Turns: 1308, Time: 00:03:03

Health: -2/36      AC:  5    Str: 26    XL:     3   Next: 70%
Magic:  3/3        EV: 12    Int: 11    God:    Trog [**....]
Gold:   76         SH:  0    Dex:  9    Spells: 2/2 levels left

rFire    . . .     SeeInvis .   a - +0 hand axe
rCold    . . .     Gourm    .   (no shield)
rNeg     + . .     Faith    .   b - +0 animal skin
rPois    ∞         Spirit   .   (no helmet)
rElec    +         Reflect  .   (no cloak)
rCorr    .         Harm     .   (no gloves)
MR       .....                  (no boots)
Stlth    ..........             (no amulet)
HPRegen  0.12/turn              h - +4 ring of intelligence
MPRegen  0.08/turn              (no ring)

@: berserking (expiring), very quick
A: negative energy resistance 1, electricity resistance, unbreathing,
petrification resistance, rot immunity, AC +3
a: Berserk, Trog's Hand, Renounce Religion


You were on level 2 of the Dungeon.
You worshipped Trog.
Trog was pleased with you.
You were hungry.

You visited 1 branch of the dungeon, and saw 2 of its levels.

You collected 76 gold pieces.

Inventory:

Hand Weapons
 a - a +0 hand axe (weapon)
Armour
 b - a +0 animal skin (worn)
Jewellery
 h - a +4 ring of intelligence (left hand)
 k - an uncursed amulet of the gourmand {unknown}
Scrolls
 j - 2 scrolls of identify {unknown}
 l - a scroll of enchant armour {unknown}
 n - 3 scrolls of amnesia {unknown}
Potions
 d - 2 potions of agility {unknown}
 e - a potion of curing {unknown}
 f - 3 potions of haste {unknown}
 g - a potion of heal wounds {unknown}
 i - a potion of magic {unknown}
 o - a potion of invisibility {unknown}
Comestibles
 c - 4 rations


   Skills:
 + Level 3.9 Fighting
 + Level 3.2 Axes
 + Level 2.4 Armour
 + Level 2.1 Dodging
 + Level 0.3 Stealth


You had 2 spell levels left.
You didn't know any spells.
Your spell library was empty.

Dungeon Overview and Level Annotations

Branches:
Dungeon (2/15)

Altars:
Gozag

Annotations:
D:2 Sigmund


Innate Abilities, Weirdness & Mutations

You are resistant to torment.
Your stone body is resilient. (AC +3)
You are immune to poison.
You resist negative energy. (rN+)
You are resistant to electric shocks. (rElec)
You can survive without breathing.
You are immune to petrification.
You are immune to rotting.


Message History

No target in view!
No target in view!
No target in view!
No target in view!
No target in view!
No target in view!
Something hits you but does no damage.
A red film seems to cover your vision as you go berserk!
You feel yourself moving faster!
You feel mighty!
You are feeling hungry.
You feel a strong urge to attack something.
Something hits you. Something burns you.
All of the chunks of flesh in your inventory have rotted away.
You miss something. You slash something! Something hits you but does no damage.
You barely miss something. You slash something! Something hits you!
Something burns you.
You barely miss something. You miss something. Something hits you!
You die...

#...............#...##
#......†...._...###..#
#...............# #..
##.............## #.
##.....#.....## .
##..##..##.## #.
#.###.###.# #.###.#
#.# #.@{..# ...
#.....# ### # #.....#
#........ ......###
###....# #....# ######


There were no monsters in sight!

Vanquished Creatures
  An adder (D:2)
  A dart slug (D:1)
  A leopard gecko (D:1)
  3 giant cockroaches (D:1)
  3 goblins
  2 hobgoblins (D:2)
  3 jackals (D:1)
  5 kobolds (D:1)
  4 bats
  5 frilled lizards (D:1)
  6 rats
34 creatures vanquished.

Notes
Turn   | Place    | Note
-------+----------+-------------------------------------------
     0 | D:1      | Fang the Gargoyle Berserker began the quest for the Orb.
     0 | D:1      | Reached XP level 1. HP: 14/14 MP: 1/1
    92 | D:1      | Reached XP level 2. HP: 15/19 MP: 2/2
   393 | D:1      | Reached XP level 3. HP: 15/24 MP: 3/3
   983 | D:1      | Reached ** piety under Trog
  1061 | D:2      | Found an opulent altar of Gozag.
  1243 | D:2      | Noticed Sigmund
  1308 | D:2      | Slain by Sigmund

Skill      XL: |  1  2  3 |
---------------+----------+-----
Axes           | 3 |  3.2
Dodging        | 2 |  2.1
Fighting       | |  3.9
Armour         | |  2.4
Stealth        | |  0.3

Action                   || total
-------------------------++-------
Melee: Hand axe          ||   107
Invok: Berserk           ||     2
  Eat: Chunk             ||     2
Armor: Animal skin       ||    43
Dodge: Dodged            ||    82
